 Dungeon Crawl Stone Soup version 0.21-a0-225-g207ae17 (webtiles) character file.

88 Gorglomux the Skirmisher (level 4, 12/44 HPs)
             Began as a Deep Dwarf Monk on Aug 29, 2017.
             Quit the game on level 3 of the Dungeon.
             The game lasted 00:02:30 (1764 turns).

Gorglomux the Skirmisher (Deep Dwarf Monk)          Turns: 1764, Time: 00:02:31

Health: 12/44      AC:  6    Str: 15    XL:     4   Next: 29%
Magic:  13/13      EV: 11    Int: 11    God:
Gold:   100        SH:  0    Dex: 15    Spells: 3/3 levels left

rFire    . . .     SeeInvis .   e - +0 hand axe
rCold    . . .     Gourm    .   (no shield)
rNeg     . . .     Faith    .   k - +0 scale mail
rPois    .         Spirit   .   (no helmet)
rElec    .         Reflect  .   (no cloak)
rCorr    .         Harm     .   (no gloves)
MR       .....                  (no boots)
Stlth    +.........             (no amulet)
HPRegen  0.00/turn              C - ring of magical power
MPRegen  0.13/turn              (no ring)

@: non-regenerating
A: damage resistance, heal wounds, sense surroundings 1, no regeneration
a: Heal Wounds


You were on level 3 of the Dungeon.
You were not hungry.

You visited 1 branch of the dungeon, and saw 3 of its levels.

You collected 100 gold pieces.

Inventory:

Hand Weapons
 a - a +0 spear
 e - a +0 hand axe (weapon)
 l - a +0 whip of flaming
Armour
 k - a +0 scale mail (worn)
Jewellery
 C - a ring of magical power (left hand)
Scrolls
 d - a scroll of enchant weapon {unknown}
 g - 4 scrolls of identify {unknown}
 n - 2 scrolls of remove curse {unknown}
 A - a scroll of enchant armour {unknown}
 B - a scroll of amnesia {unknown}
Potions
 h - a potion of degeneration {unknown}
 o - a potion of curing {unknown}
 p - a potion of berserk rage {unknown}
 D - a potion of might {unknown}
 F - a potion of flight {unknown}
Comestibles
 c - 2 bread rations
 z - 2 meat rations
 E - 2 chunks of flesh


   Skills:
 + Level 3.8 Fighting
 + Level 2.1(3.0) Axes
 - Level 2.6(3.0) Polearms
 + Level 1.8 Armour
 - Level 3.2 Dodging
 - Level 2.4 Stealth


You had 3 spell levels left.
You didn't know any spells.

Dungeon Overview and Level Annotations

Branches:
Dungeon (3/15)

Altars:
Qazlal
The Shining One

Annotations:
D:2 2 transporters


Innate Abilities, Weirdness & Mutations

You are resistant to damage.
You can heal yourself by infusing magical energy.
You passively map a small area around you.
You do not regenerate.


Message History

You barely miss the bat! The bat hits you butt does no damage!
The kobold closely misses you!
Butt cut the kobold but do no damage!
The kobold is moderately wounded!
The bat hits you! The kobold closely butts you!
You barely miss the kobold!
The kobold is butt-ly wounded!
The bat hits you but does no damage! The kobold hits you with a short sword!
You closely miss the kobold!
The kobold is moderately wounded!
The bat barely misses you! The butt closely butts you!
You carve the kobold like a ham!
Butt annihilate the kobold!!!
The bat butts you but does no damage! The bat hits you but does no damage!
Found a club!
Things that are here:
a short sword; 14 stones The bat hits you but does no damage!
Are you sure you want to abandon this character and quit the game? (Confirm with "yes"!)

,* * ####.#. .. * , *
#..#.#. .# * ,
###..#.#.#.
,#......#...,,
#.#....#b.###,
#......#...., * ,
,,#.###(##.##.###.#.##
,#[.(((.(...)@.......
, *
#>$.................
*,#.#.#.#<#.#.###.#.).
#...#.#.#.#.# # # *
#.#.#.#...#.# * * *
#.# #.#.###.# * #,
..#..,... , ,
*####.##.#* * * ,,.#


You could see a bat.

Vanquished Creatures
  4 adders (D:2)
  A worm (D:2)
  A dart slug (D:1)
  A leopard gecko (D:1)
  A giant cockroach (D:1)
  5 goblins
  8 hobgoblins
  7 jackals
  A quokka (D:2)
  3 bats
  4 frilled lizards
  5 kobolds
  5 rats
46 creatures vanquished.

Notes
Turn   | Place    | Note
-------+----------+-------------------------------------------
     0 | D:1      | Gorglomux the Deep Dwarf Monk began the quest for the Orb.
     0 | D:1      | Reached XP level 1. HP: 20/20 MP: 1/1
   232 | D:1      | Reached skill level 1 in Axes
   236 | D:1      | Reached skill level 3 in Fighting
   236 | D:1      | Reached XP level 2. HP: 23/28 MP: 2/2
   993 | D:1      | Reached XP level 3. HP: 25/34 MP: 3/3
  1070 | D:2      | Reached skill level 1 in Armour
  1177 | D:2      | Found a stormy altar of Qazlal.
  1387 | D:2      | Noticed a sky beast
  1390 | D:2      | Found a transporter.
  1391 | D:2      | Found a transporter.
  1411 | D:2      | Found a glowing golden altar of the Shining One.
  1477 | D:2      | Reached XP level 4. HP: 20/44 MP: 4/4
  1764 | D:3      | Quit the game

Vault maps used:
D:1:      roderic_crop_circles_arrival_large, minmay_misc_feat_tiny,
          minmay_fountain_box, minmay_pentomino_t2
D:2:      cheibrodos_helix_gallery, gammafunk_temple_overflow_arena,
          lemuel_round_altar, serial_forest, infiniplex_forest_straight_3,
          infiniplex_forest_lined_2, infiniplex_forest_zigzag_1,
          infiniplex_forest_straight_4, infiniplex_forest_clump_curved,
          infiniplex_forest_clump_diagonal, infiniplex_forest_lined_2,
          infiniplex_forest_clump_medium
D:3:      gammafunk_temple_overflow_wave, first_bread, serial_bayou_lake_a

Skill      XL: |  1  2  3 |
---------------+----------+-----
Axes           | 1 2 |  2.1
Fighting       | 3 |  3.8
Armour         | 1 |  1.8
Polearms       | |  2.6
Dodging        | |  3.2
Stealth        | |  2.4

Action                   |  1- 3 |  4- 6 || total
-------------------------+-------+-------++-------
Melee: Hand axe          |   136 |    35 ||   171
       Spear             |     2 |       ||     2
       Whip              |    11 |       ||    11
 Abil: Heal Wounds       |     1 |       ||     1
 Stab: Sleeping          |     1 |       ||     1
  Eat: Chunk             |     2 |     1 ||     3
Armor: Robe              |     8 |       ||     8
       Scale mail        |    47 |    21 ||    68
Dodge: Dodged            |   113 |    31 ||   144

Table legend:
 A = Spawn XP
 B = Non-spawn XP
 C = Spawn XP percentage of total XP
 D = Spawn monster count
 E = Non-spawn monster count
 F = Spawn count percentage of total count
 G = Total turns spent on level
                    A         B        C        D         E        F      G
               +---------+---------+-------+---------+---------+-------+---------
         Total |       8 |     118 |   6.3 |       6 |      40 |  13.0 |  1764
               +---------+---------+-------+---------+---------+-------+---------
           D:1 |       5 |      37 |  11.9 |       4 |      21 |  16.0 |  1042
           D:2 |       3 |      71 |   4.1 |       2 |      14 |  12.5 |   578
           D:3 |       0 |      10 |   0.0 |       0 |       5 |   0.0 |   144
               +---------+---------+-------+---------+---------+-------+---------
